 Dungeon Crawl Stone Soup version 0.28.0 (webtiles) character file.

Game seed: 17501909598766205706

15157 browni3141 the Severer (level 11, -5/107 HPs)
             Began as a Minotaur Berserker on Feb 18, 2022.
             Was a Priest of Trog.
             Slain by a 14-headed hydra (9 damage)
             ... on level 1 of the Lair of Beasts.
             The game lasted 00:08:23 (11693 turns).

browni3141 the Severer (Minotaur Berserker)        Turns: 11693, Time: 00:08:23

Health: -5/107     AC: 17    Str: 26    XL:     11   Next: 98%
Magic:  10/10      EV:  7    Int:  4    God:    Trog [***...]
Gold:   671        SH:  9    Dex: 10    Spells: 10/10 levels left

rFire   . . .      SeeInvis .   o - +0 war axe
rCold   . . .      Faith    .   J - +0 kite shield
rNeg    . . .      Spirit   .   H - +0 plate armour
rPois   .          Reflect  .   (helmet restricted)
rElec   .          Harm     .   (no cloak)
rCorr   .          Rampage  .   u - +0 pair of gloves
Will    .....                   K - +0 pair of boots
Stlth   ..........              g - amulet of regeneration
HPRegen 1.07/turn               (no ring)
MPRegen 0.12/turn               (no ring)

@: about to teleport, on berserk cooldown, slowed, very slow
A: horns 2, retaliatory headbutt
a: Renounce Religion, Berserk, Trog's Hand


You were on level 1 of the Lair of Beasts.
You worshipped Trog.
Trog was most pleased with you.
You visited 2 branches of the dungeon, and saw 13 of its levels.

You collected 671 gold pieces.


Innate Abilities, Weirdness & Mutations

You have a pair of horns on your head.
You reflexively headbutt those who attack you in melee.


   Skills:
 * Level 13.2 Fighting
 * Level 15.0 Axes
 + Level 10.9 Armour
 - Level 2.1 Dodging
 * Level 7.2 Shields


You had 10 spell levels left.
You didn't know any spells.
Your spell library was empty.

Inventory:

Hand Weapons
 a - a +0 hand axe
 o - a +0 war axe (weapon)
Missiles
 m - 2 silver javelins (quivered)
 G - a curare-tipped dart {@f4}
Armour
 b - a +0 animal skin
 j - a +0 chain mail
 u - a +0 pair of gloves (worn)
 B - the +0 buckler "Aredo" {rN+ rCorr Dex-5}
   (You found it on level 7 of the Dungeon)

   Dex:       It affects your dexterity (-5).
   rN:        It protects you from negative energy.
   rCorr:     It protects you from acid and corrosion.
 H - a +0 plate armour (worn)
 J - a +0 kite shield (worn)
 K - a +0 pair of boots (worn)
Jewellery
 g - an amulet of regeneration (around neck)
 r - an amulet of magic regeneration
Wands
 l - a wand of mindburst (15)
 A - a wand of polymorph (10)
 D - a wand of charming (8)
Scrolls
 e - 5 scrolls of fear
 i - 4 scrolls of teleportation {@r4}
 k - a scroll of noise {unknown}
 n - a scroll of immolation {unknown}
 p - a scroll of vulnerability {unknown}
 s - a scroll of brand weapon {unknown}
 x - a scroll of fog {unknown}
 y - 6 scrolls of identify {@r1}
 F - 3 scrolls of enchant weapon {unknown}
 I - a scroll of magic mapping {unknown}
 N - a scroll of enchant armour {unknown}
Potions
 c - 2 potions of lignification {unknown}
 d - a potion of invisibility {unknown}
 f - 2 potions of ambrosia {unknown}
 h - 5 potions of attraction {unknown}
 q - a potion of experience {unknown}
 t - 2 potions of might {unknown}
 v - a potion of resistance {unknown}
 w - 3 potions of heal wounds {unknown}
 z - 4 potions of curing {unknown}
 C - 5 potions of flight {unknown}
 E - 2 potions of degeneration {unknown}
 L - 2 potions of brilliance {unknown}
Miscellaneous
 M - a lightning rod (4/4)

Dungeon Overview and Level Annotations

Branches:
Dungeon (12/15)            Temple (0/1) D:6            Lair (1/6) D:9
    Orc: D:9-12

Altars:
Ashenzari
Elyvilon
Fedhas
Hepliaklqana
Kikubaaqudgha
Sif Muna
Vehumet
Xom
Zin

Shops:
D:5 ((!=   D:6 [   D:8 *

Annotations:
D:11 exclusions: obsidian statue and orange crystal statue

.......... .
.......... ..
#####......... #.
............. #..
##........... #...
#............
..#....##...........
.......@.#.D.......
.......#D#.........
##....##...........
##....#P...........
#.....#P...........
###.....#............
........##...........
.....................
....................


You could see a 14-headed hydra.


Message History

* * * LOW HITPOINT WARNING * * *
The 14-headed hydra bites you but does no damage. x2
The 14-headed hydra completely misses you.
The 14-headed hydra bites you.
* * * LOW HITPOINT WARNING * * *
The 14-headed hydra bites you!
* * * LOW HITPOINT WARNING * * *
The 14-headed hydra barely misses you.
You are too injured to fight recklessly!
You are too injured to fight recklessly!
You are too injured to fight recklessly!
You are too injured to fight recklessly!
You feel a strong urge to attack something.
You are no longer berserk.
You are exhausted.
You feel yourself slow down.
As you read the scroll of teleportation {@r4}, it crumbles to dust.
You feel strangely unstable.
The 14-headed hydra bites you but does no damage.
The 14-headed hydra bites you.
* * * LOW HITPOINT WARNING * * *
The 14-headed hydra bites you!
* * * LOW HITPOINT WARNING * * *
The 14-headed hydra bites you but does no damage. x3
The 14-headed hydra barely misses you. The 14-headed hydra bites you.
* * * LOW HITPOINT WARNING * * *
You block the 14-headed hydra's attack.
The 14-headed hydra bites you but does no damage.
The 14-headed hydra bites you!
You die...

Skill      XL: |  1  2  3  4  5  6  7  8  9 10 11 |
---------------+----------------------------------+-----
Axes           | 4 5 6 7 8 10 12 13 15 | 15.0
Fighting       | 4 5 6 7 9 11 13 | 13.2
Armour         | 3 4 5 6 7 8 9 10 | 10.9
Shields        | 4 5 7 |  7.2
Dodging        | |  2.1

Action                   |  1- 3 |  4- 6 |  7- 9 | 10-12 || total
-------------------------+-------+-------+-------+-------++-------
Melee: Hand axe          |    76 |    77 |    13 |       ||   166
       Headbutt          |    10 |    10 |    46 |    52 ||   118
       Punch             |     2 |     2 |     3 |       ||     7
       War axe           |       |       |   317 |   296 ||   613
       Unarmed           |       |       |       |    17 ||    17
Invok: Berserk           |     1 |     1 |     6 |    14 ||    22
       Trog's Hand       |       |       |       |     5 ||     5
       Brothers in Arms  |       |       |       |     1 ||     1
Evoke: Wand              |       |       |     1 |       ||     1
       Lightning rod     |       |       |       |     1 ||     1
  Use: Scroll            |       |       |       |     5 ||     5
 Stab: Sleeping          |     1 |       |       |       ||     1
Armor: Animal skin       |    17 |       |       |       ||    17
       Chain mail        |    24 |    53 |    50 |       ||   127
       Plate armour      |       |       |   168 |   262 ||   430
Dodge: Dodged            |    49 |    19 |   122 |   135 ||   325
Block: Buckler           |       |       |     9 |    39 ||    48
       Kite shield       |       |       |       |    94 ||    94

Levels and vault maps discovered:
D:1:      dpeg_arrival_stone_temple_mockup, layout_basic,
          minmay_misc_feat_hallway
D:2:      layout_loops_ring, basic_altar
D:3:      layout_loops_ring, mainiacjoe_overflow_small_starburst,
          shapermc_ecumenical_altar_petra, uniq_pargi
D:4:      layout_basic, ashenzari_conservatory_becter, minivault_11
D:5:      layout_gridville, zin_academy, general_overflow_altar, serial_shops,
          shop, shop, nicolae_shop_advertising_works
          [nicolae_subvault_shop_adworks], shop, grunt_ministairs_2
D:6:      layout_rooms, minmay_temple_entry_junction, serial_corexii_hall,
          corexii_hall_statues_i, corexii_hall_statues_l,
          chequers_hall_statues_y, corexii_hall_statues_t,
          nicolae_shop_dragon_depot, kennysheep_nub
D:7:      layout_loops_ring, palyth_temple_overflow_mages
D:8:      nzn_winding_woodlands_large [nzn_winding_woodlands_5x5_open_star,
          nzn_winding_woodlands_5x15_lazy_stream,
          nzn_winding_woodlands_5x5_closed_star,
          nzn_winding_woodlands_center_diamonds,
          nzn_winding_woodlands_15x15_thick_spiral,
          nzn_winding_woodlands_center_triple_pond,
          nzn_winding_woodlands_5x5_three, nzn_winding_woodlands_5x15_pool,
          nzn_winding_woodlands_5x5_checkerboard], layout_gridville,
          nicolae_qazlal_general_emergency, mainiacjoe_overflow_brackets,
          nicolae_stop_n_shop_2, minivault_4, minmay_misc_feat_enclosed,
          chequers_serial_rivers_room_b, minmay_misc_feat_columns
D:9:      cheibrodos_wizards_tower, layout_loops_ring,
          beargit_hepliaklqana_dungeon_heroes, due_lair_maze_entry_diamond,
          due_unseen_surprise
D:10:     layout_small_grid, nrook_campfire
D:11:     minmay_separated_statues, layout_loops_ring
D:12:     layout_rooms, kennysheep_orc_monster_closet_entryway,
          nicolae_trove_entry_free_sample, uniq_azrael, uniq_urug
Lair:1:   layout_gridlike

Notes
Turn   | Place    | Note
-------+----------+-------------------------------------------
     0 | D:1      | browni3141 the Minotaur Berserker began the quest for the
                  | Orb.
     0 | D:1      | Reached XP level 1. HP: 19/19 MP: 0/0
   468 | D:1      | Reached skill level 4 in Axes
   554 | D:1      | Reached XP level 2. HP: 22/27 MP: 1/1
  1190 | D:2      | Reached skill level 4 in Fighting
  1398 | D:2      | Reached skill level 3 in Armour
  1438 | D:2      | Reached XP level 3. HP: 33/33 MP: 2/2
  1460 | D:2      | Found a radiant altar of Vehumet.
  2074 | D:3      | Noticed Pargi
  2082 | D:3      | Killed Pargi
  2083 | D:3      | Reached skill level 5 in Axes
  2083 | D:3      | Reached XP level 4. HP: 41/41 MP: 3/3
  2083 | D:3      | Reached XP level 5. HP: 47/47 MP: 4/4
  2208 | D:3      | You fall into a shaft and drop 2 floors!
  2208 | D:5      | Entered Level 5 of the Dungeon
  2208 | D:5      | Found a glowing silver altar of Zin.
  2227 | D:5      | Reached skill level 6 in Axes
  2227 | D:5      | Reached skill level 4 in Armour
  2402 | D:5      | Found Qympeil's Distillery.
  2409 | D:5      | Reached skill level 5 in Fighting
  2411 | D:5      | Reached XP level 6. HP: 54/56 MP: 5/5
  2716 | D:4      | Reached skill level 7 in Axes
  2835 | D:4      | Reached skill level 5 in Armour
  2835 | D:4      | Reached XP level 7. HP: 32/62 MP: 6/6
  3216 | D:4      | Reached ** piety under Trog
  3360 | D:4      | Found a broken altar of Ashenzari.
  3371 | D:4      | Reached skill level 6 in Fighting
  3371 | D:4      | Reached skill level 8 in Axes
  3872 | D:3      | Found a faded altar of an unknown god.
  3908 | D:3      | Found a white marble altar of Elyvilon.
  4386 | D:5      | Found Ysorr's Jewellery Shop.
  4520 | D:5      | Found a blossoming altar of Fedhas.
  4535 | D:5      | Reached skill level 6 in Armour
  4611 | D:5      | Reached XP level 8. HP: 71/71 MP: 7/7
  4700 | D:5      | Reached skill level 9 in Axes
  4921 | D:5      | Found Seedghodo's Antique Weapon Shop.
  4971 | D:5      | Found Buapummo's Antique Weapon Shoppe.
  4975 | D:5      | Reached skill level 7 in Fighting
  5242 | D:6      | Reached *** piety under Trog
  5247 | D:6      | Killed an unseen horror
  5248 | D:6      | Reached skill level 10 in Axes
  5248 | D:6      | Reached skill level 7 in Armour
  5463 | D:6      | Found Earendil's Dragon-Slaying Spoils.
  5502 | D:6      | Found a staircase to the Ecumenical Temple.
  5704 | D:7      | Reached XP level 9. HP: 81/81 MP: 8/8
  5778 | D:7      | Reached skill level 8 in Fighting
  5942 | D:7      | Identified the +0 buckler "Aredo" {rN+ rCorr Dex-5}
  6059 | D:7      | Reached skill level 11 in Axes
  6431 | D:7      | Found a radiant altar of Vehumet.
  6441 | D:7      | Found an ancient bone altar of Kikubaaqudgha.
  6448 | D:7      | Reached skill level 1 in Shields
  6454 | D:7      | Found a shimmering blue altar of Sif Muna.
  6503 | D:8      | Found Hubromuc's General Store.
  6517 | D:8      | Reached skill level 8 in Armour
  6584 | D:8      | Found a shimmering altar of Xom.
  6620 | D:8      | Reached skill level 2 in Shields
  7040 | D:8      | Reached skill level 3 in Shields
  7061 | D:8      | Reached skill level 9 in Fighting
  7324 | D:8      | Noticed a death knight
  7369 | D:7      | Reached skill level 4 in Shields
  7450 | D:9      | Noticed a komodo dragon
  7455 | D:9      | Reached skill level 12 in Axes
  7455 | D:9      | Reached XP level 10. HP: 85/91 MP: 9/9
  7475 | D:9      | Reached skill level 5 in Shields
  7476 | D:9      | Reached **** piety under Trog
  7484 | D:9      | Found a staircase to the Lair.
  7559 | D:9      | Reached skill level 10 in Fighting
  7563 | D:9      | Reached skill level 9 in Armour
  7966 | D:9      | Noticed a gargoyle
  7984 | D:9      | Killed a gargoyle
  8186 | D:9      | Reached skill level 13 in Axes
  8189 | D:9      | Reached skill level 11 in Fighting
  8429 | D:9      | Noticed a two-headed ogre
  8437 | D:9      | Killed a two-headed ogre
  8826 | D:9      | Noticed an orc sorcerer
  8828 | D:9      | Noticed a rust devil
  8830 | D:9      | Noticed a smoke demon
  8833 | D:9      | Noticed an orange demon
  8839 | D:9      | Killed an orc sorcerer
  8840 | D:9      | Reached XP level 11. HP: 84/99 MP: 10/10
  9080 | D:9      | Found a faded altar of an unknown god.
  9081 | D:9      | Found a hazy altar of Hepliaklqana.
  9117 | D:10     | Entered Level 10 of the Dungeon
  9143 | D:10     | Reached skill level 10 in Armour
  9394 | D:10     | Reached skill level 12 in Fighting
  9396 | D:10     | Reached skill level 14 in Axes
  9757 | D:10     | Noticed a two-headed ogre
  9768 | D:10     | Killed a two-headed ogre
 10219 | D:11     | Noticed a two-headed ogre
 10219 | D:11     | Noticed a two-headed ogre
 10220 | D:11     | Noticed an ogre mage
 10226 | D:11     | Killed a two-headed ogre
 10231 | D:11     | Killed a two-headed ogre
 10237 | D:11     | Killed an ogre mage
 10238 | D:11     | Reached skill level 6 in Shields
 10747 | D:11     | Noticed a two-headed ogre
 10753 | D:11     | Killed a two-headed ogre
 10754 | D:11     | Reached skill level 13 in Fighting
 10992 | D:11     | Noticed an orange crystal statue
 11108 | D:11     | Noticed an obsidian statue
 11341 | D:11     | Noticed a two-headed ogre
 11361 | D:11     | Noticed a soul eater
 11394 | D:12     | Noticed a green ugly thing
 11401 | D:12     | Killed a green ugly thing
 11406 | D:12     | Noticed Urug
 11417 | D:12     | Killed Urug
 11418 | D:12     | Reached skill level 7 in Shields
 11425 | D:12     | Reached skill level 15 in Axes
 11427 | D:12     | Noticed a two-headed ogre
 11635 | Lair:1   | Entered Level 1 of the Lair of Beasts
 11676 | Lair:1   | Noticed an eight-headed hydra
 11693 | Lair:1   | HP: 5/107 [14-headed hydra (9)]
 11693 | Lair:1   | Slain by a 14-headed hydra

Vanquished Creatures
  An ogre mage (D:11)
  5 two-headed ogres
  An orc sorcerer (D:9)
  An ugly thing (D:12)
  A cyclops (D:11)
  A gargoyle (D:9)
  An unseen horror (D:6)
  A troll (D:10)
  A komodo dragon (D:9)
  A meliai zombie (D:11)
  A shadow (D:10)
  A wraith (D:7)
  A vampire (D:10)
  3 wyverns
  14 yaks
  4 vampire mosquitoes (D:12)
  7 water moccasins
  Pargi (D:3)
  An ice beast (D:7)
  3 black bears
  3 orc warriors
  2 centaurs
  4 ogres
  2 phantoms
  2 kobold brigands (D:9)
  3 bullfrogs
  3 wyvern zombies
  2 scorpions (D:5)
  24 killer bees
  4 wights (D:9)
  2 electric eels (D:8)
  A centaur zombie (D:8)
  7 jellies
  3 hounds
  4 orc priests
  4 gnoll shamans
  An iguana (D:6)
  15 orc wizards
  2 hound skeletons (D:5)
  A howler monkey zombie (D:8)
  16 gnolls
  A howler monkey skeleton (D:5)
  6 adders
  2 shadow imps
  An ufetubus (D:5)
  2 worms
  A dart slug (D:4)
  38 orcs
  4 endoplasms
  2 giant cockroaches
  2 goblins
  4 hobgoblins
  4 jackals (D:5)
  6 quokkas
  2 ball pythons
  8 bats
  3 frilled lizards
  7 kobolds
  4 rats
252 creatures vanquished.

Vanquished Creatures (collateral kills)
  Urug (D:12)
1 creature vanquished.

Vanquished Creatures (others)
  30 fungi (D:9)
  35 plants
65 creatures vanquished.

Grand Total: 318 creatures vanquished

Table legend: (Time is in decaauts)
 A = Elapsed time spent in this place.
 B = Non-inter-level travel time spent in this place.
 C = Inter-level travel time spent in this place.
 D = Time resting spent in this place.
 E = Time spent auto-exploring this place.
 F = Levels seen in this place.
 G = Mean time per level.
                   A        B        C        D        E       F      G
               +--------+--------+--------+--------+--------+-----+--------+
         Total |  11846 |  11336 |    510 |   2466 |   7025 |  13 |  911.2 |
       Dungeon |  11792 |  11282 |    510 |   2466 |   6989 |  12 |  982.7 |
          Lair |     54 |     54 |      0 |      0 |     36 |   1 |   54.0 |
               +--------+--------+--------+--------+--------+-----+--------+

Top non-repeatable levels by time:
     D:9: 1847 daAuts
    D:11: 1397 daAuts
     D:5: 1283 daAuts
     D:4: 1265 daAuts
     D:1: 1009 daAuts
    D:10: 973 daAuts
     D:8: 919 daAuts
     D:2: 857 daAuts
     D:3: 853 daAuts
     D:7: 849 daAuts
     D:6: 482 daAuts
    D:12: 54 daAuts
  Lair:1: 54 daAuts

Table legend:
 A = Non-vault XP
 B = Vault XP
 C = Vault XP percentage of total XP
 D = Non-vault monster count
 E = Vault monster count
 F = Vault count percentage of total count
                 A         B        C        D         E       F
            +---------+---------+-------+---------+---------+-------
      Total |   17089 |    4565 |  21.1 |     224 |      29 |  11.5
            +---------+---------+-------+---------+---------+-------
        D:1 |      22 |       0 |   0.0 |      14 |       0 |   0.0
        D:2 |      23 |       0 |   0.0 |      11 |       0 |   0.0
        D:3 |      46 |     136 |  74.7 |      11 |       1 |   8.3
        D:4 |     516 |       0 |   0.0 |      21 |       0 |   0.0
        D:5 |    1156 |     134 |  10.4 |      34 |       2 |   5.6
        D:6 |     724 |       0 |   0.0 |      15 |       0 |   0.0
        D:7 |     674 |     317 |  32.0 |      18 |       4 |  18.2
        D:8 |     748 |     540 |  41.9 |      16 |       9 |  36.0
        D:9 |    3789 |    2651 |  41.2 |      42 |      12 |  22.2
       D:10 |    2983 |       0 |   0.0 |      17 |       0 |   0.0
       D:11 |    5063 |       0 |   0.0 |      19 |       0 |   0.0
       D:12 |    1257 |     787 |  38.5 |       5 |       1 |  16.7
     Lair:1 |      88 |       0 |   0.0 |       1 |       0 |   0.0
            +---------+---------+-------+---------+---------+-------
